Map: Abiogenesis LE

Players

Seismic - Winner!

  • Race: Zerg Zerg
  • League: Gold
  • Spawn Location: 5:00

A.I. 1 (Very Easy)

  • Race: Protoss Protoss
  • Spawn Location: 11:00

VOD

Have the link to the VOD?

Description

Time

  • Played on: March 26, 2018, 3:16 p.m.
  • Length: 12:40
Show
View Real Time Build Order
Export as new Build Order

Seismic Zerg - Winner!

Build Orders: Hatch First 

Get SALT Encoding   

  12  0:01  Drone  
  13  0:13  Overlord  
  13  0:17  Drone  
  14  0:32  Drone x2  
  16  0:35  Drone  
  17  0:56  Hatchery  
  16  0:59  Drone  
  17  1:11  Spawning Pool  
  16  1:13  Drone  
  17  1:19  Extractor  
  17  1:21  Drone  
  17  1:22  Drone  
  18  1:31  Drone  
  19  1:40  Overlord  
  19  1:58  Drone  
  20  2:07  Drone  
  21  2:13  Zergling x4  
  23  2:20  Queen x2  
  27  2:24  Metabolic Boost  
  27  2:26  Drone x2  
  29  2:35  Drone x2  
  31  2:48  Drone x2  
  33  2:56  Queen, Drone  
  36  2:59  Overlord  
  36  3:09  Overlord  
  36  3:23  Drone x3  
  39  3:28  Pneumatized Carapace  
  39  3:48  Overlord  
  39  3:49  Drone x5  
  39  3:50  Drone x3  
  39  3:55  Roach Warren  
  46  3:59  Spore Crawler  
  45  4:03  Spore Crawler  
  44  4:16  Lair  
  44  4:28  Extractor x2  
  42  4:36  Evolution Chamber  
  42  4:37  Evolution Chamber  
  40  4:38  Overlord  
  40  4:39  Drone x4  
  40  4:40  Drone x3  
  47  4:46  Drone x4  
  47  4:47  Drone x2  
  47  4:48  Overlord  
  53  5:00  Queen  
  53  5:04  Hatchery  
  54  5:36  Zerg Missile Weapons Level 1  
  54  5:37  Zerg Ground Armor Level 1  
  54  6:00  Drone  
  54  6:01  Drone x5  
  54  6:02  Drone x3  
  54  6:03  Overlord, Drone  
  54  6:04  Overlord  
  64  6:10  Hydralisk Den  
  63  6:17  Baneling Nest  
  62  6:21  Extractor  
  62  6:24  Drone x3  
  64  6:27  Drone  
  65  6:56  Zergling x2  
  65  6:57  Roach  
  65  6:58  Roach x6  
  65  6:59  Extractor  
  79  7:02  Extractor  
  78  7:13  Centrifical Hooks  
  78  7:15  Grooved Spines  
  78  7:21  Hydralisk x5  
  78  7:22  Hydralisk x2  
  88  7:23  Hydralisk  
  88  7:26  Overlord  
  88  7:27  Overlord  
  88  7:28  Zergling x4  
  96  7:40  Drone x2  
  96  7:42  Overlord  
  96  7:43  Overlord  
  98  7:47  Drone x4  
  98  7:48  Drone x4  
  106  8:11  Queen  
  108  8:14  Overseer  
  108  8:15  Overseer  
  108  8:19  Hatchery  
  107  8:27  Muscular Augments  
  107  8:35  Drone x5  
  107  8:36  Drone x5  
  107  8:37  Drone x3  
  107  8:38  Drone  
  121  8:42  Overlord x2  
  121  8:43  Overlord x2  
  121  9:02  Spore Crawler  
  120  9:19  Hydralisk x3  
  120  9:20  Hydralisk x4  
  120  9:21  Hydralisk x3  
  120  9:24  Roach x2, Overlord  
  144  9:41  Overlord x2  
  144  9:43  Zergling x12  
  144  9:44  Zergling x12  
  156  10:05  Roach x2  
  156  10:06  Roach, Hydralisk x2  
  166  10:07  Overlord x2  
  166  10:14  Zerg Ground Armor Level 2  
  166  10:15  Zerg Missile Weapons Level 2  
  166  10:20  Overlord x2  
  166  10:24  Zergling x12  
  166  10:25  Zergling x2  
  173  10:55  Hydralisk x2  
  173  10:56  Hydralisk x5  
  185  10:58  Hydralisk x3  
  185  11:01  Hydralisk x2  
  185  11:02  Hydralisk  
  199  11:11  Extractor  
  199  11:12  Extractor  
  199  11:17  Zergling x6  
  200  11:20  Overlord x2  
Show
View Real Time Build Order
Export as new Build Order

A.I. 1 (Very Easy) Protoss 

Build Orders:  

Get SALT Encoding   

  12  0:00  Probe  
  13  0:13  Probe  
  14  0:19  Pylon  
  14  0:36  Assimilator  
  14  0:42  Gateway  
  14  0:45  Pylon  
  14  1:15  Assimilator  
  14  1:24  Probe  
  14  1:30  Zealot  
  14  1:32  Cybernetics Core, Probe  
  18  1:40  Probe  
  19  1:51  Probe  
  20  1:59  Warp Gate  
  20  2:00  Probe  
  20  2:08  Probe  
  22  2:40  Stalker  
  24  7:00  Probe  
  24  7:06  Adept  
  24  7:08  Probe, Pylon  
  27  7:10  Robotics Facility  
  27  7:12  Nexus  
  28  7:18  Probe  
  25  7:53  Observer  
  25  8:01  Stalker  
  28  8:07  Observer  
  29  8:25  Probe  
  30  8:28  Probe  
  31  8:35  Assimilator  
  31  8:37  Assimilator  
  31  8:39  Probe  
  32  8:42  Probe  
  33  8:53  Probe  
  33  8:55  Zealot  
  36  9:00  Probe  
  37  9:08  Probe  
  38  9:15  Probe  
  39  9:18  Probe  
  40  9:29  Probe  
  41  9:32  Probe  
  42  9:44  Probe  
  43  9:51  Probe  
  44  9:58  Probe  
  45  10:05  Probe  
  46  10:12  Probe  
  47  10:15  Pylon  
  47  10:19  Probe  
  48  10:31  Observer  
  48  11:47  Observer, Zealot  
  44  11:57  Probe  
  14  12:16  Zealot  
Tags
 
League
Gold
Matchup
PvZ
Spawn Locations
Cross Positions
Add a new tag
Caveats
  • Supply blocks, unpowered buildings, or Contaminate may cause inaccurate times.
  • Supply counts are checked every 10 seconds.